 Dungeon Crawl Stone Soup version 0.31-a0-267-g3fc6992b3b (webtiles) character file.

Game seed: 4603036413212552740

206 qw the Shooter (level 5, -5/32 HPs)
             Began as a Gargoyle Hexslinger on July 13, 2023.
             Slain by an ogre
             ... wielding a +0 giant club
              (23 damage)
             ... on level 4 of the Dungeon.
             The game lasted 00:01:10 (2416 turns).

qw the Shooter (Gargoyle Hexslinger)                Turns: 2416, Time: 00:01:10

Health: -5/32      AC:  7    Str: 10    XL:     5   Next: 84%
Magic:  6/6        EV: 12    Int: 16    God:
Gold:   250        SH:  0    Dex: 17    Spells: 5/6 levels left

rFire   . . .        Y - +1 sling
rCold   . . .        (no shield)
rNeg    + . .        c - +0 robe
rPois   inf          b - +0 helmet
rElec   +            (no cloak)
rCorr   .            (no gloves)
SInv    .            (no boots)
Will    .....        (no amulet)
Stlth   ++           (no ring)
HPRegen 0.25/turn    (no ring)
MPRegen 0.10/turn

%: no passive effects
@: no status effects
A: sickness immunity, AC +4, negative energy resistance 1, electricity
resistance, torment resistance 1, petrification resistance, agile 1, clever 1
a: no special abilities


You were on level 4 of the Dungeon.
You visited 1 branch of the dungeon, and saw 4 of its levels.

You collected 250 gold pieces.


Innate Abilities, Weirdness & Mutations

You are immune to sickness and miasma.
Your stone body is resilient. (AC +4)
You are immune to poison.
You resist negative energy. (rN+)
You are resistant to electric shocks. (rElec)
You are resistant to unholy torment.
You are immune to petrification.
You are agile. (Dex +4, Str/Int -1)
Your mind is acute. (Int +4, Str/Dex -1)


   Skills:
 - Level 3.0 Fighting
 + Level 5.2 Ranged Weapons
 - Level 1.5 Dodging
 - Level 1.0 Spellcasting
 - Level 2.6 Hexes


You had 5 spell levels left.
You knew the following spells:

 Your Spells              Type           Power      Damage    Failure   Level
a - Slow                  Hex            36%        N/A       8%          1

Your spell library contained the following spells:

 Spells                   Type           Power      Damage    Failure   Level
 Inner Flame              Hex/Fire       5%         N/A       36%         3
 Portal Projectile        Hex/Tloc       10%        N/A       36%         3
 Cause Fear               Hex            4%         N/A       58%         4

Inventory:

Hand Weapons
 Y - a +1 sling (weapon)
Armour
 b - a +0 helmet (worn)
 c - a +0 robe (worn)
Scrolls
 a - a scroll of identify
 e - 3 scrolls of teleportation
Potions
 d - 2 potions of curing
 f - a potion of might
 g - 2 potions of lignification {unknown}
 h - a potion of haste
 i - a potion of mutation
 j - a potion of magic {unknown}
 k - a potion of resistance {unknown}
 l - a potion of degeneration {unknown}
 m - a potion of heal wounds {unknown}

Dungeon Overview and Level Annotations

Branches:
Dungeon (4/15)
 Temple: D:4-7

Altars:
Cheibriados
Elyvilon
Trog

Shops:
D:3 (


Message History

You kill the ball python!
Found a book of Storms.
You now have 250 gold pieces (gained 14).
Enter note:
Found a stone staircase leading down.
Enter note:
Enter note:
Found a stone staircase leading up.
Enter note:
Enter note:
Enter note:
Enter note: An ogre comes into view. It is wielding a +0 giant club.
The ogre shouts!
There is a stone staircase leading down here.
Enter note:
Enter note:
Enter note:
Enter note: You shoot a sling bullet.
The sling bullet hits the ogre.
The ogre is lightly wounded.
You shoot a sling bullet. The sling bullet hits the ogre.
The ogre is moderately wounded.
The ogre closely misses you.
You shoot a sling bullet.
The sling bullet barely misses the ogre.
The ogre hits you with a +0 giant club!
You shoot a sling bullet. The sling bullet hits the ogre!
The ogre is heavily wounded.
You shoot a sling bullet.
The sling bullet barely misses the ogre.
The ogre barely misses you.
You shoot a sling bullet. The sling bullet hits the ogre.
The ogre is severely wounded.
The ogre closely misses you.
You shoot a sling bullet. The sling bullet hits the ogre!
The ogre is almost dead.
The ogre hits you with a +0 giant club!!
Ouch! That really hurt!
You die...

###### ########
###....####......#
+..........@#
.#.##...#..O..#
#...##.#<.#.##
###.##.##.#.#
######.##....# .
#......#####.# ##
#.#.....# #.#
#.#.###.###..# #
#:..#.......#


You could see an ogre.

Vanquished Creatures
  12 adders
  2 ufetubi (D:4)
  A worm (D:3)
  3 dart slugs
  6 bats
  6 endoplasms
  3 giant cockroaches
  6 goblins
  5 hobgoblins
  5 jackals
  6 kobolds
  7 quokkas
  11 ball pythons
  4 frilled lizards
  5 rats
82 creatures vanquished.

Notes
Turn   | Place    | Note
-------+----------+-------------------------------------------
     0 | D:1      | qw the Gargoyle Hexslinger began the quest for the Orb.
     0 | D:1      | Reached XP level 1. HP: 12/12 MP: 2/2
     0 | D:1      | 0 ||| qw: Version: 0.3-a-52-g30416fa
     0 | D:1      | 0 ||| qw: Game counter: 7674
     0 | D:1      | 0 ||| qw: Melee chars always use a shield: true
     0 | D:1      | 0 ||| qw: God list: Okawaru
     0 | D:1      | 0 ||| qw: Allow faded altars: false
     0 | D:1      | 0 ||| qw: Do Orc after clearing Dungeon:15 true
     0 | D:1      | 0 ||| qw: Do second Lair branch before Depths: true
     0 | D:1      | 0 ||| qw: Lair rune preference: random
     0 | D:1      | 0 ||| qw: Goals: Normal
     0 | D:1      | 0 ||| PLANNING D:1-11
    48 | D:1      | Reached XP level 2. HP: 16/16 MP: 3/3
   109 | D:1      | Reached skill level 3 in Ranged Weapons
   488 | D:1      | Reached XP level 3. HP: 21/21 MP: 4/4
   763 | D:1      | 763 ||| READING scroll labelled PUEKHL ANEHYSE.
   764 | D:1      | 764 ||| READING scroll labelled DACKOFFAHOSK.
   765 | D:1      | 765 ||| READING 3 scrolls labelled YREUJE SURYA.
   779 | D:1      | 779 ||| READING scroll labelled UPASUL REUROT.
   782 | D:1      | 782 ||| DROPPING scroll of poison.
   783 | D:1      | 783 ||| DROPPING 2 scrolls of torment.
   925 | D:2      | Reached XP level 4. HP: 18/26 MP: 5/5
   969 | D:2      | Reached skill level 4 in Ranged Weapons
  1474 | D:2      | 1474 ||| UPGRADING to +0 helmet.
  1479 | D:2      | 1479 ||| READING scroll labelled YPNUROKEOQAU.
  1480 | D:2      | 1480 ||| READING scroll labelled PARHASTRI JUOH.
  1481 | D:2      | 1481 ||| READING scroll labelled ROBBENN LEUDO.
  1482 | D:2      | 1482 ||| DRINKING 2 lumpy purple potions.
  1483 | D:2      | 1483 ||| DRINKING 2 lumpy dark potions.
  1483 | D:2      | Gained mutation: Your mind is acute. (Int +4, Str/Dex -1)
                  | [potion of mutation]
  1483 | D:2      | Gained mutation: You are agile. (Dex +4, Str/Int -1)
                  | [potion of mutation]
  1484 | D:2      | 1484 ||| READING 2 scrolls of identify.
  1484 | D:2      | 1484 ||| IDENTIFYING brown potion
  1555 | D:3      | Reached XP level 5. HP: 30/30 MP: 6/6
  1647 | D:3      | Reached skill level 5 in Ranged Weapons
  1886 | D:3      | Found Kofud's Antique Weapon Shoppe.
  2138 | D:3      | 2138 ||| DRINKING 2 grey potions.
  2246 | D:4      | Reached skill level 3 in Fighting
  2353 | D:4      | Found a bloodstained altar of Trog.
  2353 | D:4      | Found a snail-covered altar of Cheibriados.
  2361 | D:4      | Found a white marble altar of Elyvilon.
  2409 | D:4      | Noticed an ogre
  2416 | D:4      | Slain by an ogre

Levels and vault maps discovered:
D:1:      co_arrival_hall_of_pillars, layout_basic, nicolae_figureground_pulse
D:2:      layout_rooms, shapermc_ecumenical_altar_petra,
          minmay_misc_feat_nine_boxes, hangedman_decor_points, st_stairs_2
D:3:      layout_basic, serial_shops, shop, nicolae_half_adder
D:4:      layout_basic, nicolae_overflow_hidden_temple, uniq_grinder,
          uniq_menkaure

Skill      XL: |  1  2  3  4  5 |
---------------+----------------+-----
Ranged Weapons | 3 4 5 |  5.2
Fighting       | 2 3 |  3.0
Dodging        | |  1.5
Spellcasting   | |  1.0
Hexes          | |  2.6

Action                     |  1- 3 |  4- 6 || total
---------------------------+-------+-------++-------
   Fire: Sling             |    96 |   188 ||   284
    Use: Scroll            |     4 |     4 ||     8
         Potion            |       |     3 ||     3
 Armour: Robe              |    14 |    43 ||    57
  Dodge: Dodged            |    24 |    83 ||   107

Table legend:
 A = Non-vault XP
 B = Vault XP
 C = Vault XP percentage of total XP
 D = Non-vault monster count
 E = Vault monster count
 F = Vault count percentage of total count
                 A         B        C        D         E       F
            +---------+---------+-------+---------+---------+-------
      Total |     239 |      56 |  19.0 |      76 |       6 |   7.3
            +---------+---------+-------+---------+---------+-------
        D:1 |      46 |       0 |   0.0 |      27 |       0 |   0.0
        D:2 |      97 |       4 |   4.0 |      18 |       2 |  10.0
        D:3 |      48 |      52 |  52.0 |      20 |       4 |  16.7
        D:4 |      48 |       0 |   0.0 |      11 |       0 |   0.0
            +---------+---------+-------+---------+---------+-------
